Cogmind - Beta 17 @@@ ROGUE MODE // 2026.08.23 @ 03:43:52 // Winter2019/RPGLIKE Player: Toaster Result: Self-destructed Performance ------------- Evolutions (6) 3000 Regions Visited (10) 2000 Robots Destroyed (138) 690 Value Destroyed (5661) 5661 Prototype IDs (29) 580 Alien Tech Used (0) 0 Bonus (12072) 12072 TOTAL SCORE: 24003 Bonus ------- High Alert Combat Kills 36 Follower Combat Kills 74 Prayed to X0-1V1 5000 Major X0-1V1 Interference 5600 Registered with UFD 300 MAIN.C Attacked Warlord 500 Warlord Defense Kills 562 Cogmind --------- Core Integrity 1034/1150 Matter 290/300 Energy 1515/1515 System Corruption 0% Temperature Cool (0) Movement Rolling (115) Ox1 Location -4/Factory Parts ------- > --- POWER (3) -------- Angular Momentum Engine Neutrino Core (fused) Hybrid Antimatter Reactor > --- PROPULSION (5) --- Armored Huge Wheel Armored Huge Wheel > --- UTILITY (7) ------ Advanced Signal Interpreter Advanced Actuator Array (fused) Heavy Insulated Plating (fused) Improved Powered Armor Force Field (fused) X0-1V1's Piety Tracker > --- WEAPON (6) ------- Great Axe (fused) Power Sword Ionic Axe Vibroblade (fused) Centrium Greatsword (fused) > --- INVENTORY (3) ---- Vortex Cannon (26) Vortex Cannon (26) Peak State ------------ > --- POWER ------------ Angular Momentum Engine Neutrino Core Hybrid Antimatter Reactor > --- PROPULSION ------- Armored Huge Wheel Armored Huge Wheel > --- UTILITY ---------- Advanced Signal Interpreter Advanced Actuator Array Heavy Insulated Plating Improved Powered Armor Force Field X0-1V1's Piety Tracker > --- WEAPON ----------- Vortex Cannon Power Sword Ionic Axe Vibroblade Centrium Greatsword > --- INVENTORY -------- Vortex Cannon Chainsword [Rating: 125] Favorites ----------- Power Neutrino Core Engine Angular Momentum Engine Power Core Neutrino Core Reactor Hybrid Antimatter Reactor Propulsion Armored Huge Wheel Leg Improved Aluminum Leg Wheel Armored Huge Wheel Utility X0-1V1's Piety Tracker Device X0-1V1's Piety Tracker Processor Advanced Signal Interpreter Protection Improved Powered Armor Weapon Ionic Axe Energy Gun Subdweller Laser Energy Cannon Vortex Cannon Ballistic Gun Subdweller Machine Gun Ballistic Cannon Light Cannon Impact Weapon Powered Hammer Slashing Weapon Ionic Axe Build | -11 -10 -10 -7 -7 -5 -5 -5 -5 -4 -4 ------- Run | Yrd Mat Sub Rec Scr Fac Upp Upp War Pro Fac Slots Evolved 17 | 3 3 2 3 . 3 1 1 . . 1 Power 2 | . . . 1 . 1 . . . . . Propulsion 4 | 1 1 1 . . . . 1 . . . Utility 7 | 1 1 1 1 . 1 1 . . . 1 Weapon 4 | 1 1 . 1 . 1 . . . . . Parts Attached 65 | 5 15 8 15 2 12 2 . 3 3 . Power 6 | 1 . 1 1 . 3 . . . . . Engine 4 | 1 . 1 1 . 1 . . . . . Core 1 | . . . . . 1 . . . . . Reactor 1 | . . . . . 1 . . . . . Propulsion 12 | 2 6 1 3 . . . . . . . Treads . | . . . . . . . . . . . Leg 6 | 2 4 . . . . . . . . . Wheel 6 | . 2 1 3 . . . . . . . Hover . | . . . . . . . . . . . Flight . | . . . . . . . . . . . Utility 22 | . 3 1 6 . 6 1 . 2 3 . Device 11 | . 2 . 2 . 3 . . 2 2 . Storage . | . . . . . . . . . . . Processor 4 | . 1 . 1 . 2 . . . . . Hackware . | . . . . . . . . . . . Protection 7 | . . 1 3 . 1 1 . . 1 . Artifact . | . . . . . . . . . . . Weapon 25 | 2 6 5 5 2 3 1 . 1 . . Energy Gun 5 | 1 . 4 . . . . . . . . Energy Cannon 1 | . . . . . . . . 1 . . Ballistic Gun 5 | 1 2 1 1 . . . . . . . Ballistic Cannon 3 | . 3 . . . . . . . . . Launcher . | . . . . . . . . . . . Special Weapon . | . . . . . . . . . . . Impact Weapon 2 | . . . 2 . . . . . . . Slashing Weapon 9 | . 1 . 2 2 3 1 . . . . Piercing Weapon . | . . . . . . . . . . . Special Melee Weapon . | . . . . . . . . . . . Unidentified Prototypes 7 | . 1 . . . 4 . . 1 1 . Parts Lost 3 | . . . 1 . 1 . . 1 . . Power . | . . . . . . . . . . . Propulsion . | . . . . . . . . . . . Utility 3 | . . . 1 . 1 . . 1 . . Weapon . | . . . . . . . . . . . Highest Loss Streak 1 | . . . 1 . 1 . . 1 . . To Critical Strikes . | . . . . . . . . . . . Average Backups . | . . . . 1 . . . . 2 3 Power . | . . . . . . . . . . . Propulsion . | . . . . . . . . . . . Utility . | . . . . . . . . . . 1 Weapon . | . . . . 1 . . . . 2 2 Tool/Special . | . . . . . . . . . . . Unused Backups 7 | . . 2 . . 3 1 . . . 1 Power . | . . . . . . . . . . . Propulsion . | . . . . . . . . . . . Utility 2 | . . 1 . . . 1 . . . . Weapon 5 | . . 1 . . 3 . . . . 1 Tool/Special . | . . . . . . . . . . . Average Slot Usage (%) 81 | . 92 79 74 80 80 82 79 79 79 75 Engine 7 | . 11 8 7 13 6 5 5 5 5 4 Core 2 | . . . . . 5 5 5 5 5 4 Reactor 1 | . . . . . . 5 5 5 5 4 Leg 3 | . 11 13 . . . . . . . . Wheel 10 | . 14 3 11 13 11 10 10 10 10 9 Device 15 | . 10 16 13 13 16 23 15 14 14 14 Processor 5 | . 10 2 2 6 3 5 5 5 5 4 Protection 7 | . . 5 12 13 10 6 10 9 9 5 Energy Gun 2 | . 1 14 7 . . . . . . . Ballistic Gun 2 | . 8 9 5 . . . . . . . Ballistic Cannon 4 | . 22 5 . . . . . . . . Slashing Weapon 14 | . . . 6 17 22 21 23 24 25 24 Peak Build Rating 125 | 5 26 64 72 68 113 117 120 125 122 121 Average Rating 78 | 4 12 46 61 67 95 116 118 119 119 116 On Entrance 74 | . 5 26 64 68 68 113 116 120 121 116 Avg Prop Armor Cover (%) . | . . . . . . . . . . . Naked Turns . | . . . . . . . . . . . Heaviest Build 101 | 9 16 46 65 60 87 97 100 100 101 89 Greatest Support 61 | 25 46 46 61 61 61 61 61 61 61 61 Greatest Overweight (x) 7 | . 1 4 7 . 1 1 1 1 1 1 Average Overweight (x) . | . . . . . . 1 1 1 1 1 Largest Inventory Capacity 3 | 1 1 1 1 1 1 1 1 2 3 3 Average Capacity 1 | 1 1 1 1 1 1 1 1 1 2 3 Most Carried 3 | . 1 1 1 1 1 1 1 2 3 3 Average Carried . | . . . . . . . . 1 2 2 Final Capacity 3 | 1 1 1 1 1 1 1 1 2 3 3 Final Carried 3 | . 1 1 1 1 1 1 . 2 3 2 Class Distribution -------------------- 68% | Gladiator 13% | Skirmisher 7% | Mutant 6% | Subdweller-Gunner Dominant Class ---------------- Skirmisher | -10/Materials Subdweller-Gunner | -10/Subcaves Gladiator | -7/Recycling Gladiator | -7/Scraptown Gladiator | -5/Factory Gladiator | -5/Upper Caves Gladiator | -5/Upper Caves Gladiator | -5/Warlord Gladiator | -4/Proximity Caves Gladiator | -4/Factory Resources | -11 -10 -10 -7 -7 -5 -5 -5 -5 -4 -4 ----------- Run | Yrd Mat Sub Rec Scr Fac Upp Upp War Pro Fac Matter Collected 3120 | 250 900 688 220 170 165 359 20 94 254 . Remotely 1417 | . 622 688 107 . . . . . . . Salvage Created 5486 | . 771 196 785 . 1767 262 430 209 1066 . Parts 324 | . 54 19 42 . 103 25 25 12 44 . Haulers Intercepted 3 | . 2 . . . . . . . 1 . Recyclers Shooed 5 | . 4 . 1 . . . . . . . Parts Field Recycled . | . . . . . . . . . . . Retrieved Matter . | . . . . . . . . . . . Parts Self-Destructed 106 | . . 8 . . . 27 27 . 44 . Prevented . | . . . . . . . . . . . Parts Restored . | . . . . . . . . . . . Kills | -11 -10 -10 -7 -7 -5 -5 -5 -5 -4 -4 ------- Run | Yrd Mat Sub Rec Scr Fac Upp Upp War Pro Fac Combat Hostiles Destroyed 115 | . 22 11 9 . 33 10 12 5 13 . Melee 79 | . . . 6 . 33 10 12 5 13 . Guns 25 | . 13 9 3 . . . . . . . Cannons 11 | . 9 2 . . . . . . . . Classes Destroyed 20 | . 7 3 1 . 7 . 1 1 . . Worker 1 | . . . . . 1 . . . . . Builder 1 | . . . . . 1 . . . . . Hauler 3 | . 2 . . . . . . . 1 . Recycler 8 | . 3 . 5 . . . . . . . Mechanic 1 | . . . . . 1 . . . . . Operator 1 | . 1 . . . . . . . . . Turret 2 | . . 2 . . . . . . . . Watcher 6 | . 3 . . . 3 . . . . . Swarmer 29 | . 6 7 . . 9 . 2 . 5 . Grunt 36 | . 14 . . . 9 4 3 1 5 . Brawler 4 | . . . . . 1 3 . . . . Duelist 2 | . . . . . . . 1 1 . . Protector 2 | . . . . . . . . 2 . . Sentry 16 | . . . 9 . 2 2 2 . 1 . Specialist 1 | . . . . . 1 . . . . . Hunter 5 | . 2 . . . . 1 . . 2 . Programmer 15 | . . . . . 10 . 4 1 . . Heavy 1 | . . . . . 1 . . . . . Artisan 1 | . . 1 . . . . . . . . Subdweller 4 | . . 4 . . . . . . . . Best Kill Streak 8 | . 5 6 4 . 6 8 5 2 5 . Combat Bots Only 8 | . 5 4 2 . 6 8 5 2 5 . Max Kills in Single Turn 3 | . 2 2 2 . 2 3 1 1 1 . Gunslinging 1 | . . 1 . . . . . . . . Exploded . | . . . . . . . . . . . Melee 3 | . . . 1 . 2 3 1 1 1 . Uniques/NPCs Destroyed . | . . . . . . . . . . . Combat | -11 -10 -10 -7 -7 -5 -5 -5 -5 -4 -4 -------- Run | Yrd Mat Sub Rec Scr Fac Upp Upp War Pro Fac Hostile Shots Fired 834 | . 106 43 246 . 162 62 63 32 120 . Missed 243 | . 31 21 80 . 40 17 15 10 29 . Hits 591 | . 75 22 166 . 122 45 48 22 91 . Melee 22 | . . . . . 1 6 2 13 . . Projectile 569 | . 75 22 166 . 121 39 46 9 91 . Critical Strikes 18 | . . 1 . . 8 2 2 . 5 . Part Disruptions 2 | . . . . . 1 . 1 . . . Damage Taken 5921 | . 743 265 1032 . 1988 469 391 363 670 . Core 3656 | . 599 158 552 . 1208 299 213 244 383 . Absorbed by Shields 2140 | . . . . . 325 482 414 373 546 . Redirected to Core 3107 | . 467 158 457 . 1054 242 166 218 345 . Ignored by Resistances 1154 | . . . 194 . 322 . 200 65 373 . Regen/Repaired (Parts) 220 | . . . 35 . 185 . . . . . Core Remaining (%) 84 | 100 . . . 64 . . . . 89 . Volleys Fired 126 | . 74 42 10 . . . . . . . Largest 5 | . 3 5 5 . . . . . . . Hottest 229 | . 90 229 219 . . . . . . . Shots Fired 330 | . 179 117 34 . . . . . . . Gun 207 | . 83 90 34 . . . . . . . Cannon 123 | . 96 27 . . . . . . . . Launcher . | . . . . . . . . . . . Special . | . . . . . . . . . . . Kinetic 255 | . 179 60 16 . . . . . . . Thermal 64 | . . 50 14 . . . . . . . Explosive . | . . . . . . . . . . . Electromagnetic 11 | . . 7 4 . . . . . . . Robot Hit Streak 12 | . 6 12 10 . . . . . . . Robot Miss Streak 6 | . 6 2 1 . . . . . . . Penetration Max . | . . . . . . . . . . . Secondary Targets 5 | . 3 2 . . . . . . . . Max Gunslinging Chain 1 | . 1 1 . . . . . . . . Shots Hit Robots 448 | . 90 53 51 . 104 39 49 23 39 . Core Hits 183 | . 38 19 24 . 47 13 15 8 19 . Critical Kills 1 | . 1 . . . . . . . . . Critical Parts Destroyed 2 | . . . . . 2 . . . . . Critical Strikes 53 | . 6 1 6 . 11 9 7 7 6 . Destroy 1 | . 1 . . . . . . . . . Blast 6 | . 5 1 . . . . . . . . Smash 2 | . . . . . 2 . . . . . Sever 44 | . . . 6 . 9 9 7 7 6 . Melee Attacks 371 | . 9 . 31 . 135 53 59 28 56 . Impact 5 | . . . 2 . 3 . . . . . Slashing 366 | . 9 . 29 . 132 53 59 28 56 . Piercing . | . . . . . . . . . . . Sneak Attacks 9 | . . . 3 . 4 . . . 2 . Combat Hostiles . | . . . . . . . . . . . Follow-up Attacks 122 | . . . 3 . 45 20 29 13 12 . Damage Inflicted 18561 | . 1424 987 1799 . 5992 1999 2471 1061 2828 . Guns 1827 | . 656 726 445 . . . . . . . Cannons 1212 | . 762 261 . . 189 . . . . . Explosions 37 | . . . 37 . . . . . . . Melee 15479 | . . . 1317 . 5803 1999 2471 1061 2828 . Ramming 6 | . 6 . . . . . . . . . Kinetic 2385 | . 1418 618 243 . 106 . . . . . Thermal 502 | . . 326 176 . . . . . . . Explosive . | . . . . . . . . . . . Electromagnetic 106 | . . 43 63 . . . . . . . Impact 171 | . . . 45 . 126 . . . . . Slashing 15308 | . . . 1272 . 5677 1999 2471 1061 2828 . Piercing . | . . . . . . . . . . . Phasic 83 | . . . . . 83 . . . . . Highest Corruption 49 | . . . 20 . 1 1 19 19 49 . Average Corruption 11 | . . . 5 . 1 1 6 16 23 . Corruption Purged . | . . . . . . . . . . . Corruption Blocked . | . . . . . . . . . . . Effects 96 | . . . 10 . 1 7 15 21 42 . Message Errors 27 | . . . 3 . . 1 5 5 13 . Matter Fused 23 | . . . 3 . . 4 4 5 7 . Heat Flow Errors 11 | . . . 1 . 1 . 1 2 6 . Energy Discharges 10 | . . . 1 . . . 2 3 4 . Parts Rejected 3 | . . . 1 . . 1 . 1 . . Parts Fused 1 | . . . . . . . 1 . . . Data Loss (minor) 12 | . . . . . . . 2 . 10 . Data Loss (major) 4 | . . . . . . 1 . 2 1 . Alerts 1 | . . . . . . . . 1 . . Misdirections 3 | . . . . . . . . 2 1 . Weapon Failures 1 | . . . 1 . . . . . . . Overload Shots . | . . . . . . . . . . . Overflow Damage 1368 | . 9 . 43 . 624 70 148 18 456 . Projectiles 9 | . 9 . . . . . . . . . Explosions . | . . . . . . . . . . . Melee 1359 | . . . 43 . 624 70 148 18 456 . Knockbacks 16 | . 12 3 . . 1 . . . . . Impact . | . . . . . . . . . . . Kinetic 16 | . 12 3 . . 1 . . . . . Secondary . | . . . . . . . . . . . Self-Inflicted Damage . | . . . . . . . . . . . Shots . | . . . . . . . . . . . Rammed 2 | . 2 . . . . . . . . . Targets Rammed 3 | . 3 . . . . . . . . . Kicked 1 | . 1 . . . . . . . . . Crushed . | . . . . . . . . . . . Highest Temperature 386 | . 302 144 386 . 150 15 213 235 287 . Average Temperature 101 | . 84 53 135 . 52 6 142 109 118 . Received Heat Transfer 1222 | . 141 90 348 . 357 149 64 16 57 . Effects 7 | . . . 2 . . . 1 1 3 . Shutdowns 1 | . . . 1 . . . . . . . Energy Bleed 2 | . . . 1 . . . 1 . . . Interference 4 | . . . . . . . . 1 3 . Siege Activations . | . . . . . . . . . . . Martial Activations . | . . . . . . . . . . . Shielding Activations . | . . . . . . . . . . . Robots Disrupted . | . . . . . . . . . . . Combat Hostiles . | . . . . . . . . . . . Robots Corrupted . | . . . . . . . . . . . Combat Hostiles . | . . . . . . . . . . . Parts Fried . | . . . . . . . . . . . Impact Corruptions 3 | . . . 1 . 2 . . . . . Robots Melted . | . . . . . . . . . . . Combat Hostiles . | . . . . . . . . . . . Parts Melted 1 | . . 1 . . . . . . . . Heat Transferred 820 | . . 534 286 . . . . . . . Parts Sabotaged . | . . . . . . . . . . . Parts Stolen . | . . . . . . . . . . . Parts Stripped . | . . . . . . . . . . . Power Chain Reactions 1 | . . . 1 . . . . . . . Alert | -11 -10 -10 -7 -7 -5 -5 -5 -5 -4 -4 ------- Run | Yrd Mat Sub Rec Scr Fac Upp Upp War Pro Fac Maximum Alert Level 2 | . 1 . 1 . 2 . . . . . Low Security (%) 84 | 100 96 . 99 . 64 . . . . 100 Level 1 14 | . 3 . . . 33 . . . . . Level 2 . | . . . . . 2 . . . . . Level 3 . | . . . . . . . . . . . Level 4 . | . . . . . . . . . . . Level 5 . | . . . . . . . . . . . High Security . | . . . . . . . . . . . Max Security . | . . . . . . . . . . . Peak Influence 426 | . 217 . 200 . 426 . . . . 53 Initial 86 | . . . 86 . . . . . . 53 Average 115 | . 81 . 120 . 152 . . . . 45 Influence Increases 3445 | . 694 235 566 . 871 398 271 100 310 . Destroy 0b10 Robot/C 2260 | . 440 180 180 . 660 220 260 60 260 . Destroy 0b10 Robot/NC 140 | . 45 . 25 . 30 . . 10 30 . Destroy Leader 286 | . 100 10 . . 136 10 10 . 20 . Allied During Kill 4 | . . . . . . 3 1 . . . Successful Hack 64 | . 20 . 44 . . . . . . . Select Force Hacks 170 | . 50 . 120 . . . . . . . Disable Machine 15 | . 15 . . . . . . . . . Destroy Structure 18 | . 9 . 9 . . . . . . . Partial Spotted 15 | . 15 . . . . . . . . . Lose Combat Pursuer 285 | . . 45 . . 45 165 . 30 . . Miscellaneous 188 | . . . 188 . . . . . . . Influence Decreases 3412 | . 499 249 573 174 447 604 466 74 273 53 Entered New Map 669 | . . 95 95 174 . 158 42 23 49 33 Time Decay 2696 | . 499 154 468 . 437 446 404 44 224 20 Lost Part 27 | . . . 10 . 10 . . 7 . . Lost Ally 20 | . . . . . . . 20 . . . Squads Dispatched 13 | . 6 . . . 7 . . . . . Investigation 4 | . 4 . . . . . . . . . Extermination 4 | . . . . . 4 . . . . . Reinforcement 3 | . 2 . . . 1 . . . . . Assault 1 | . . . . . 1 . . . . . Garrison 1 | . . . . . 1 . . . . . Intercept . | . . . . . . . . . . . Searches Triggered . | . . . . . . . . . . . Construction Impeded . | . . . . . . . . . . . Haulers Reinforced . | . . . . . . . . . . . Active Scanning Responses . | . . . . . . . . . . . Cargo Convoy Interrupts 1 | . . . . . 1 . . . . . Stealth | -11 -10 -10 -7 -7 -5 -5 -5 -5 -4 -4 --------- Run | Yrd Mat Sub Rec Scr Fac Upp Upp War Pro Fac Distress Signals 1 | . . . . . 1 . . . . . Communications Jammed . | . . . . . . . . . . . Distress Signals . | . . . . . . . . . . . Times Spotted 182 | . 27 12 9 . 43 22 14 42 13 . Peak Tracking Total 12 | . 4 4 2 . 5 9 5 12 5 . Tactical Retreats 11 | . . 1 . . 3 5 . 2 . . Traps | -11 -10 -10 -7 -7 -5 -5 -5 -5 -4 -4 ------- Run | Yrd Mat Sub Rec Scr Fac Upp Upp War Pro Fac Traps Triggered 6 | . 3 1 . . 2 . . . . . Indirectly . | . . . . . . . . . . . Trap Hack Attempts . | . . . . . . . . . . . Triggered . | . . . . . . . . . . . Disarmed . | . . . . . . . . . . . Reprogrammed . | . . . . . . . . . . . Reused . | . . . . . . . . . . . Traps Extracted . | . . . . . . . . . . . Installed . | . . . . . . . . . . . Triggered . | . . . . . . . . . . . Machines | -11 -10 -10 -7 -7 -5 -5 -5 -5 -4 -4 ---------- Run | Yrd Mat Sub Rec Scr Fac Upp Upp War Pro Fac Machines Disabled 4 | . 1 3 . . . . . . . . Max in Single Turn 1 | . 1 1 . . . . . . . . Machines Repaired . | . . . . . . . . . . . Machines Dismantled . | . . . . . . . . . . . Machines Sabotaged 1 | . 1 . . . . . . . . . Overloaded Fab Kills . | . . . . . . . . . . . Hacking | -11 -10 -10 -7 -7 -5 -5 -5 -5 -4 -4 --------- Run | Yrd Mat Sub Rec Scr Fac Upp Upp War Pro Fac Machines Accessed 31 | . 6 3 10 1 6 2 2 1 . . Terminals 15 | . 6 . 5 . 3 . 1 . . . Fabricators 1 | . . . . . 1 . . . . . Repair Stations . | . . . . . . . . . . . Recycling Units 6 | . . . 5 . 1 . . . . . Scanalyzers 1 | . . . . . 1 . . . . . Garrison Access . | . . . . . . . . . . . Total Hacks 78 | . 16 7 27 1 12 8 6 1 . . Successful 56 | . 10 7 18 1 5 8 6 1 . . Failed 22 | . 6 . 9 . 7 . . . . . Catastrophic 2 | . 1 . . . 1 . . . . . Database Lockouts . | . . . . . . . . . . . Manual 39 | . 16 . 16 . 7 . . . . . Terminals 38 | . 16 . 11 . 9 . 2 . . . Fabricators 1 | . . . . . 1 . . . . . Repair Stations . | . . . . . . . . . . . Recycling Units 17 | . . . 16 . 1 . . . . . Scanalyzers 1 | . . . . . 1 . . . . . Garrison Access . | . . . . . . . . . . . Terminal Hacks 27 | . 1 7 1 1 2 8 6 1 . . Record 18 | . . 4 1 . . 7 6 . . . Robot Analysis 1 | . 1 . . . . . . . . . Open Door 3 | . . 1 . . . 1 . 1 . . Terminal Index 1 | . . . . . 1 . . . . . Locate Traps 1 | . . . . . 1 . . . . . Proto ID Catalog 2 | . . 1 . 1 . . . . . . Release Object 1 | . . 1 . . . . . . . . Fabricator Hacks 1 | . . . . . 1 . . . . . Network Status 1 | . . . . . 1 . . . . . Repair Station Hacks . | . . . . . . . . . . . Recycling Unit Hacks 8 | . . . 7 . 1 . . . . . Report Inventory 6 | . . . 5 . 1 . . . . . Retrieve Components 2 | . . . 2 . . . . . . . Scanalyzer . | . . . . . . . . . . . Garrison Access Hacks . | . . . . . . . . . . . Unauthorized Hacks 19 | . 9 . 9 . 1 . . . . . Terminals 15 | . 9 . 5 . 1 . . . . . Botnet 12 | . 6 . 5 . 1 . . . . . Sabotage 3 | . 3 . . . . . . . . . Fabricators . | . . . . . . . . . . . Repair Stations . | . . . . . . . . . . . Recycling Units 4 | . . . 4 . . . . . . . Tunnel 4 | . . . 4 . . . . . . . Scanalyzers . | . . . . . . . . . . . Garrison Access . | . . . . . . . . . . . Data Cores Recovered . | . . . . . . . . . . . Used . | . . . . . . . . . . . Hacking Detections 13 | . 3 . 6 . 3 . 1 . . . Full Trace Events 2 | . . . 2 . . . . . . . Feedback Events 1 | . . . 1 . . . . . . . Corruption 1 | . . . 1 . . . . . . . Feedback Blocked . | . . . . . . . . . . . Robot Schematics Acquired . | . . . . . . . . . . . Robots Built . | . . . . . . . . . . . Authchips . | . . . . . . . . . . . Time . | . . . . . . . . . . . Total Robot Build Rating . | . . . . . . . . . . . Part Schematics Acquired . | . . . . . . . . . . . Parts Built . | . . . . . . . . . . . Authchips . | . . . . . . . . . . . Time . | . . . . . . . . . . . Total Part Build Rating . | . . . . . . . . . . . Part Studies Acquired . | . . . . . . . . . . . Parts Repaired . | . . . . . . . . . . . Time . | . . . . . . . . . . . Parts Recycled . | . . . . . . . . . . . Recycled Matter . | . . . . . . . . . . . Retrieved Matter . | . . . . . . . . . . . Retrieved Components 16 | . . . 16 . . . . . . . Parts Scanalyzed . | . . . . . . . . . . . Part Schematics Acquired . | . . . . . . . . . . . Parts Damaged . | . . . . . . . . . . . Bothacking | -11 -10 -10 -7 -7 -5 -5 -5 -5 -4 -4 ------------ Run | Yrd Mat Sub Rec Scr Fac Upp Upp War Pro Fac Used RIF Installer . | . . . . . . . . . . . Robots Hacked . | . . . . . . . . . . . Non-combat . | . . . . . . . . . . . Combat . | . . . . . . . . . . . Robot Hacks Applied . | . . . . . . . . . . . Relay Couplers Released . | . . . . . . . . . . . Fabnet Peak Effective % . | . . . . . . . . . . . Robots Rewired 2 | . . . . . . 2 . . . . Allies Hacked . | . . . . . . . . . . . Hacks Repelled . | . . . . . . . . . . . Allies | -11 -10 -10 -7 -7 -5 -5 -5 -5 -4 -4 -------- Run | Yrd Mat Sub Rec Scr Fac Upp Upp War Pro Fac Total Allies 2 | . . . . . . 2 . . . . Largest Group 2 | . . . . . . 2 2 . . . Highest-Rated Group 58 | . . . . . . 58 58 . . . Highest-Rated Ally 29 | . . . . . . 29 29 . . . Initial UFD Resources 42 | . . . . . 39 39 39 39 42 42 Total Orders . | . . . . . . . . . . . Ally Attacks 7 | . . . . . . 3 4 . . . Total Damage 77 | . . . . . . 38 39 . . . Kills 2 | . . . . . . 1 1 . . . Allies Corrupted . | . . . . . . . . . . . Allies Melted . | . . . . . . . . . . . X0-1V1 Amusement Gains 113 | . 23 . . . 40 . . 50 . . Good Acts 59 | . 4 18 8 . 8 13 1 3 4 . Bad Acts 44 | . 2 1 11 . 10 2 8 4 6 . Intel | -11 -10 -10 -7 -7 -5 -5 -5 -5 -4 -4 ------- Run | Yrd Mat Sub Rec Scr Fac Upp Upp War Pro Fac Active Infowar (turns) . | . . . . . . . . . . . Robot Analysis Total 1 | . 1 . . . . . . . . . Derelict Logs Recovered 9 | . . 1 . . . 3 2 . 3 . Drone Launches . | . . . . . . . . . . . Drone Recoveries . | . . . . . . . . . . . Exploration | -11 -10 -10 -7 -7 -5 -5 -5 -5 -4 -4 ------------- Run | Yrd Mat Sub Rec Scr Fac Upp Upp War Pro Fac Turns Passed 12283 | 72 2034 1184 1231 1223 2103 1325 966 1155 944 46 Spaces Moved 9062 | 57 1382 1017 999 1219 1295 972 724 781 608 8 Core 18 | 5 5 6 2 . . . . . . . Treads . | . . . . . . . . . . . Legs 1038 | 52 594 392 . . . . . . . . Wheels 8006 | . 783 619 997 1219 1295 972 724 781 608 8 Hover . | . . . . . . . . . . . Flight . | . . . . . . . . . . . Fastest Speed 50 | 50 100 85 85 100 100 115 115 115 115 115 Average Speed 108 | 113 108 99 96 100 113 115 115 115 115 115 Slowest Speed 400 | 120 120 250 400 100 115 115 115 115 115 115 Overloaded Moves . | . . . . . . . . . . . Propulsion Burnouts . | . . . . . . . . . . . Robots Hopped . | . . . . . . . . . . . Potential Cave-ins . | . . . . . . . . . . . Cave-ins Triggered . | . . . . . . . . . . . Exploration Rate (%) 65 | 4 96 48 97 83 24 88 72 78 65 . Regions Visited 10 Branch Regions 7 Pre-discovered Areas 5 | . . . 4 . . 1 . . . . Known Exits Taken 8 | . 1 1 . 1 1 1 1 1 1 . Unknown Exits Taken 2 | 1 . . 1 . . . . . . . Scrap Searched 13 | . . 5 . 4 . 2 1 . 1 . Spaces Dug 11 | . 5 . . . . 5 1 . . . Terrain Destroyed 22 | . 5 . 11 . . 5 1 . . . Melee 11 | . 5 . . . . 5 1 . . . Projectile 1 | . . . 1 . . . . . . . AOE 10 | . . . 10 . . . . . . . Terrain Rammed . | . . . . . . . . . . . Walls Destroyed . | . . . . . . . . . . . Machines Disabled . | . . . . . . . . . . . Actions | -11 -10 -10 -7 -7 -5 -5 -5 -5 -4 -4 --------- Run | Yrd Mat Sub Rec Scr Fac Upp Upp War Pro Fac Total 10851 | 61 1733 1110 1195 1223 1774 1125 797 1007 782 44 Wait 1090 | . 203 16 103 . 352 60 21 194 106 35 Move 9052 | 56 1381 1016 998 1218 1294 971 723 780 607 8 Hop . | . . . . . . . . . . . Pick Up 16 | . 1 4 3 1 3 1 . 2 1 . Fast Attach 65 | 5 17 4 13 1 14 2 1 4 4 . Attach 8 | . . 1 3 . 1 1 1 . . 1 Detach 11 | . 2 1 4 . 3 . . . 1 . Swap 22 | . 10 4 1 1 2 1 . 2 1 . Drop 46 | . 8 10 9 2 9 3 . 2 3 . Fire 126 | . 74 42 10 . . . . . . . Melee 189 | . 9 . 26 . 63 24 25 12 30 . Ram 2 | . 2 . . . . . . . . . Kick 1 | . 1 . . . . . . . . . Crush . | . . . . . . . . . . . Escape Stasis . | . . . . . . . . . . . Rewire 9 | . . . . . . 9 . . . . Trap . | . . . . . . . . . . . Miscellaneous 214 | . 25 12 25 . 33 53 26 11 29 . Route ------- -11/Scrapyard -10/Materials (discovered 4 exits: [*Mat x2] / *Min / *Sub) -10/Subcaves (discovered 4 exits: *Mat x2 / *Rec / *Scr) -7/Recycling (discovered 2 exits: *Fac / *Scr) -7/Scraptown -5/Factory -5/Upper Caves -5/Upper Caves (discovered 2 exits: *Fac / *War) -5/Warlord -4/Proximity Caves -4/Factory (discovered 1 exit: Upp) History --------- Turn | Location | Event 1 | -11/Scrapyard | Upgraded with Propulsion slot (x1) 1 | -11/Scrapyard | Upgraded with Utility slot (x1) 1 | -11/Scrapyard | Upgraded with Weapon slot (x1) 7 | -11/Scrapyard | Discovered new exit (range 16) 73 | -11/Scrapyard | Entered Materials 231 | -10/Materials | Discovered new exit (range 9) 305 | -10/Materials | Build established: Mutant 560 | -10/Materials | Reached level 2 635 | -10/Materials | Upgraded with Weapon slot (x1) 910 | -10/Materials | Discovered new exit (range 16) 1059 | -10/Materials | Build established: Skirmisher 1308 | -10/Materials | Discovered new exit (range 5) 1566 | -10/Materials | Discovered new exit (range 9) 1581 | -10/Materials | Prayed at D.C.S.S. Altar Unit 1581 | -10/Materials | Reached level 3 1581 | -10/Materials | Upgraded with Propulsion slot (x1) 1581 | -10/Materials | Upgraded with Utility slot (x1) 1684 | -10/Materials | X0-1V1 foreshadows a heat wave 1792 | -10/Materials | Reached level 4 1818 | -10/Materials | X0-1V1 enhanced Transport squad support 1827 | -10/Materials | Identified exit to Mines 1858 | -10/Materials | Ambient heat levels rising (+10) 2000 | -10/Materials | Core integrity restored by X0-1V1 (+102) 2043 | -10/Materials | Ambient heat levels rising (+10) 2106 | -10/Materials | Identified exit to Subcaves 2107 | -10/Materials | Entered Subcaves 2108 | -10/Subcaves | Approached by a straggling Scientist 2109 | -10/Subcaves | Reached level 5 2402 | -10/Subcaves | Upgraded with Utility slot (x1) 2586 | -10/Subcaves | Identified exit to Materials 2586 | -10/Subcaves | X0-1V1 revealed exit location to -8/Materials 2627 | -10/Subcaves | X0-1V1 activates XOMVISION 2637 | -10/Subcaves | Visited 4L-MR0's lab 2644 | -10/Subcaves | Upgraded with Propulsion slot (x1) 2667 | -10/Subcaves | Found Maxwheels 2668 | -10/Subcaves | Attached Maxwheels, gained temporary slots: Weapon x2 2707 | -10/Subcaves | Build established: Subdweller-Gunner 2722 | -10/Subcaves | Ambushed by angry Subdweller bent on revenge 2754 | -10/Subcaves | Identified exit to Recycling 2754 | -10/Subcaves | X0-1V1 revealed exit location to -7/Recycling 2925 | -10/Subcaves | A swath of the cavern ceiling suddenly collapsed 2988 | -10/Subcaves | X0-1V1 activates XOMVISION 3001 | -10/Subcaves | X0-1V1 revealed exit location to -8/Materials 3088 | -10/Subcaves | Shifting Twisted Machinery released Sub. Monowheel 3161 | -10/Subcaves | Learned Materials terminal intel 3225 | -10/Subcaves | Scientist uncovered a shortcut to Scraptown 3291 | -10/Subcaves | Entered Recycling 3293 | -7/Recycling | Reached level 6 3312 | -7/Recycling | Identified exit to Factory 3312 | -7/Recycling | X0-1V1 revealed exit location to -5/Factory 3380 | -7/Recycling | Upgraded with Utility slot (x1) 3380 | -7/Recycling | Found Lgt. Regenerative Plating 3633 | -7/Recycling | X0-1V1 added 0b10 threat records associated with you (considerable) 3722 | -7/Recycling | X0-1V1 sent you into danger 3722 | -7/Recycling | Reached level 7 3931 | -7/Recycling | System corruption reached 10% 4066 | -7/Recycling | Upgraded with Weapon slot (x1) 4168 | -7/Recycling | Build established: Gladiator 4274 | -7/Recycling | Reached level 8 4344 | -7/Recycling | Core integrity fell below 50% 4361 | -7/Recycling | Upgraded with Power slot (x1) 4374 | -7/Recycling | X0-1V1 activates XOMVISION 4489 | -7/Recycling | Core integrity restored by X0-1V1 (+174) 4495 | -7/Recycling | Scanned before Scraplab entrance 4510 | -7/Recycling | Entered Scraplab 4519 | -7/Recycling | Discovered new exit (range 3) 4522 | -7/Recycling | Entered Scraptown 4522 | -7/Scraptown | System corruption cleaned by C-Scrubber 4597 | -7/Scraptown | Heard Great Nut preacher, LISTEN AND RECITE! 4695 | -7/Scraptown | Discovered exit to Factory (range 13) 4759 | -7/Scraptown | Visited Red Mages 4862 | -7/Scraptown | Visited SPCMW 4892 | -7/Scraptown | Visited Spacefarers 5070 | -7/Scraptown | Visited UFD Registry 5070 | -7/Scraptown | Registered with UFD as "Nanoback" 5101 | -7/Scraptown | Visited Science Guys 5246 | -7/Scraptown | Visited Supply Room 5265 | -7/Scraptown | Visited Scrapoid Pod Storage 5275 | -7/Scraptown | Visited Botcube Research 5297 | -7/Scraptown | Visited Scrapoid Research Area 5314 | -7/Scraptown | Visited Derelict Rescue Squad 5338 | -7/Scraptown | Visited Modified Component R&D 5499 | -7/Scraptown | Visited Comm Corps 5697 | -7/Scraptown | Visited TADAMA 5745 | -7/Scraptown | Entered Factory 5747 | -5/Factory | Reached level 9 5750 | -5/Factory | Upgraded with Weapon slot (x1) 6244 | -5/Factory | Garrison activated, responded to threat 6245 | -5/Factory | X0-1V1 sent you to a vault 6325 | -5/Factory | Core integrity restored by X0-1V1 (+151) 6357 | -5/Factory | Reached level 10 6395 | -5/Factory | Upgraded with Utility slot (x1) 6400 | -5/Factory | Found Imp. Powered Armor 6473 | -5/Factory | Core integrity fell below 50% 6553 | -5/Factory | X0-1V1 announced a LAN party 6580 | -5/Factory | Core integrity fell below 20% 6738 | -5/Factory | Reached level 11 6827 | -5/Factory | Discovered new exit (range 11) 6843 | -5/Factory | Identified exit to Upper Caves 6902 | -5/Factory | Spotted B-75 Beast 7053 | -5/Factory | Upgraded with Power slot (x1) 7243 | -5/Factory | X0-1V1 vaporized surrounding terrain (radius 18) 7337 | -5/Factory | Reached level 12 7450 | -5/Factory | Found Prototype Device 7450 | -5/Factory | Identified Adv. EM Shield 7544 | -5/Factory | Cargo convoy interrupted 7605 | -5/Factory | X0-1V1 redirected Transport squads to designated parking area 7793 | -5/Factory | Reached level 13 7845 | -5/Factory | First assault squad dispatched 7848 | -5/Factory | Entered Upper Caves 7852 | -5/Upper Caves | Upgraded with Utility slot (x1) 7864 | -5/Upper Caves | X0-1V1 sent you into danger 7866 | -5/Upper Caves | Attracted the attention of an 0b10 checkpoint 8237 | -5/Upper Caves | Learned Factory terminal intel 8351 | -5/Upper Caves | Discovered new exit (range 12) 8374 | -5/Upper Caves | Identified exit to Upper Caves 8400 | -5/Upper Caves | Learned 12 Factory zone layouts 8412 | -5/Upper Caves | Entered an active Warlord outpost 8430 | -5/Upper Caves | Learned location of Armory (-3) 8430 | -5/Upper Caves | Learned Extension garrison access intel 8430 | -5/Upper Caves | Learned Factory security intel 8673 | -5/Upper Caves | Core integrity restored by X0-1V1 (+230) 8680 | -5/Upper Caves | Attracted the attention of an 0b10 outpost 8716 | -5/Upper Caves | X0-1V1 activates XOMVISION 8847 | -5/Upper Caves | Found Hvy. Insulated Plating 8910 | -5/Upper Caves | X0-1V1 downgraded hostiles (x4) 8910 | -5/Upper Caves | Reached level 14 8956 | -5/Upper Caves | X0-1V1 activates XOMVISION 8957 | -5/Upper Caves | Destroyed 8 combat bots 9173 | -5/Upper Caves | Entered another Upper Caves area 9173 | -5/Upper Caves | Accompanied by 2 allies 9277 | -5/Upper Caves | Encountered a Warlord checkpoint 9282 | -5/Upper Caves | X0-1V1 rewrote Soldier 6a IFF filter 9353 | -5/Upper Caves | Discovered new exit (range 11) 9384 | -5/Upper Caves | Reached level 15 9408 | -5/Upper Caves | Learned Research stockpile data 9408 | -5/Upper Caves | Learned Research terminal intel 9424 | -5/Upper Caves | X0-1V1 mutated your Propulsion slot to Weapon slot 9425 | -5/Upper Caves | Upgraded with Propulsion slot (x1) 9452 | -5/Upper Caves | Identified exit to Factory 9607 | -5/Upper Caves | X0-1V1 sent hostile P-60 Hacker (x2) 9714 | -5/Upper Caves | Attracted the attention of an 0b10 checkpoint 9817 | -5/Upper Caves | Discovered new exit (range 10) 9828 | -5/Upper Caves | Identified exit to Warlord 9864 | -5/Upper Caves | Learned Factory garrison access intel 9980 | -5/Upper Caves | System corruption reached 10% 10139 | -5/Upper Caves | Entered Warlord 10141 | -5/Warlord | Reached level 16 10184 | -5/Warlord | System corruption cleaned by Quarantine Array 10210 | -5/Warlord | Discovered new exit (range 12) 10222 | -5/Warlord | Identified exit to Proximity Caves 10696 | -5/Warlord | Visited the Vortex Lab 10708 | -5/Warlord | Warlord's base attacked by MAIN.C 10715 | -5/Warlord | Found Prototype Energy Cannon 10717 | -5/Warlord | Found Prototype Energy Cannon 10718 | -5/Warlord | Identified Vortex Cannon (x2) 11058 | -5/Warlord | Warlord forces counterattacked 11072 | -5/Warlord | Spotted Striker 11104 | -5/Warlord | Lost 5 allies 11184 | -5/Warlord | Spotted Striker 11228 | -5/Warlord | Spotted Executioner 11245 | -5/Warlord | Spotted Striker 11294 | -5/Warlord | Entered Proximity Caves 11296 | -4/Proximity Caves | Reached level 17 11319 | -4/Proximity Caves | Attracted the attention of an 0b10 checkpoint 11323 | -4/Proximity Caves | Lost 19 allies 11396 | -4/Proximity Caves | Learned Research terminal intel 11470 | -4/Proximity Caves | X0-1V1 activates XOMVISION 11537 | -4/Proximity Caves | Learned location of 2 exits from Research 11798 | -4/Proximity Caves | Spotted B-86 Titan 11906 | -4/Proximity Caves | System corruption reached 30% 12063 | -4/Proximity Caves | X0-1V1 mutated your Utility slot to Propulsion slot 12164 | -4/Proximity Caves | Reached level 18 12222 | -4/Proximity Caves | Discovered exit to Factory (range 12) 12238 | -4/Proximity Caves | Entered Factory 12239 | -4/Factory | Identified exit to Upper Caves 12240 | -4/Factory | Reached level 19 12241 | -4/Factory | Loaded intel: 26 terminal locations 12242 | -4/Factory | Loaded intel: 4 garrison access locations 12278 | -4/Factory | Upgraded with Utility slot (x1) 12284 | -4/Factory | Self-destructed Last Messages --------------- 12189_ Autogun fries itself beyond repair. 12191_ VTOL Module fries itself beyond repair. 12192_ S-27 Virus destroyed. 12194_ VTOL Module fries itself beyond repair. 12199_ Used Protomatter to restore core integrity (+42, depleted) 12200_ VTOL Module fries itself beyond repair. 12201_ Autogun fries itself beyond repair. 12203_ <3%7MUN I8V>RPTWIG#TD9% 12205_ VTOL Module fries itself beyond repair. 12222_ EXIT=FOUND: FACTORY 12222_ X0-1V1: "In a world full of sensor tech, vision is overrated." (-9 sight range) LOCATION=FACTORY GOAL=ESCAPE Loading 12 Factory zones... Loading Factory security intel (x17)... 12240_ Reached level 19. Loading Factory terminal intel (x26)... Loading Factory garrison access intel (x4)... 12278_ Upgraded: Utility Slot (+1) 12278_ Upgraded: Melee Accuracy (+10) Map ----- +----------------------------------------------------+ | ????????????????????????????????????????????? | | ????????????????????????????????????????????? | | ????????????????????????????????????????????? | | ????????????????????????????????????????????? | | ????????????????????????????????????????????? | | ????????????????????????????????????????????? | | ????????????????????????????????????????????? | | ????????????????????????????????????????????? | | ????????????????????????????????????????????? | | ????????????????????????????????????????????? | | ????????????????????????????????????????????? | | ????????????????????????????????????????????? | | ????????????????????????????????????????????? | | ????????????????????????????????????????????? | | ??????????????????????A???????????????????T?? | | ????????????????????????????????????????????? | | ????????????????????????????????????????????? | | ???????????????????u????????????????????????? | | ????????"T"?????????????????????????????????? | | ????????"""?????????????????????????????????? | | ??????????s?????????????###?????????????????? | | ???????????????????????? ?????????????????? | | ??????????s??k??????????" "?????????????????? | | ???????????s????????# """ """ ??????????????? | | ????????????????????# """ """ #?????????????? | | ????????????????????# @ #?????????????? | | ????????????????????# " " #?????????????? | | ????????????????????# "Y" ??????????????? | | ????????????????????# """???????????????? | | ????????????????????#####+##### ???????????"? | | ?????????????????????# ??????????""? | | ?????????????????????# ??????????""? | | ?????????????????????# ??????????""? | | ?????????????????????# ??????????""? | | ?????????????????????# ??????????T"? | | ?????????????????????##########???????????""? | | ??????????????????????????????????????????""? | | ??????????????????????????????????????????""? | | ??????????????????????????????????????????""? | | ???????????????????????????????????????????"? | | ????????????????????????????????????????????? | | ????????????????????????????????????????????? | | ????????????????????????????????????????????? | | ????????????????????????????????????????????? | | ????????????????????????????????????????????? | | ????????????????????????????????????????????? | | ????????????????????????????????????????????? | | ????????????????????????????????????????????? | | ????????????????????????????????????????????? | | ????????????????????????????????????????????? | +----------------------------------------------------+ Best States ------------- Heat Dissipation 37 Energy Generation 41 Energy Capacity 2915 Matter Stores 700 Matter Capacity 800 Sight Range 21 Robot Scan Range 16 Terrain Scan Density 10 Armor Coverage 1025 Resistance: KI 55 Resistance: TH 20 Resistance: EX 25 Resistance: EM 50 Evasion (%) 55 Melee Accuracy 5 Offensive Hacking 10 Defensive Hacking 5 Item Schematics ----------------- None Robot Schematics ------------------ None Fabricated ------------ Nothing Repaired ---------- Nothing Studied --------- None Alien Tech Used ----------------- None Achievements -------------- Well-fed Force Field Challenges ------------ None RPGLIKE | -11 -10 -10 -7 -7 -5 -5 -5 -5 -4 -4 --------- Run | Yrd Mat Sub Rec Scr Fac Upp Upp War Pro Fac Levels Raised 18 | . 3 1 3 . 5 1 1 1 2 1 XP Earned 30554 | 3000 5810 1655 3305 650 6767 1918 2093 1356 2500 1500 XP Spent 29845 | 1850 4020 2200 4400 . 5525 2000 3700 1800 750 3600 Upgrades 60 | 5 14 2 7 . 17 1 7 3 1 3 Power Slot 2 | . . . 1 . 1 . . . . . Propulsion Slot 4 | 1 1 1 . . . . 1 . . . Utility Slot 7 | 1 1 1 1 . 1 1 . . . 1 Weapon Slot 4 | 1 1 . 1 . 1 . . . . . Core Integrity 11 | . . . . . 11 . . . . . Heat Dissipation 2 | . 2 . . . . . . . . . Mass Support 1 | 1 . . . . . . . . . . Inventory Capacity 3 | 1 . . . . . . . 1 1 . Sensor Range 8 | . 8 . . . . . . . . . Ranged Accuracy 1 | . 1 . . . . . . . . . Melee Accuracy 6 | . . . 4 . . . . . . 2 Hack Attack % 2 | . . . . . 2 . . . . . Hack Defense % 1 | . . . . . 1 . . . . . KI Resistance % 4 | . . . . . . . 4 . . . TH Resistance % 4 | . . . . . . . 2 2 . . Protomatter Created 1910 | . 285 72 247 . 380 382 229 105 210 . Integrity Restored 4424 | . 459 192 525 . 731 1198 584 158 577 . Core 2883 | . 372 192 253 . 689 653 213 117 394 . Parts 1541 | . 87 . 272 . 42 545 371 41 183 . Protomatter Decayed 1196 | . 127 8 . . 302 37 71 640 11 . Game ------ Seed WeaponsCobblerSource Manual? 0 Play Time 02:15:26 Cumulative 206.1 hours Start 2026.06.29 @ 00:34:29 End 2026.08.23 @ 03:43:52 Sessions 3 Manual Loads 0 Difficulty Rogue Special Mode Winter2019/RPGLIKE Game No. 98 Rogue 94 Adventurer 4 Explorer 0 Win Type - Total 7 Types 4/0/2/0/0/0/0/0/1/0 Lore% 74 Gallery% 52 Achievement% 44 Wizard Run 0 Options --------- Layout 0 ASCII 0 Keyboard 0 Movement Arrows Keybinds 0 Fullscreen 2 Font 32/SmallcapsGlow Map View 88x55 Zoom Use 0% Tactical HUD 1 Map Filters NONE Filters NONE Steam 1 RUN: 0477616d-9459-47d8-8269-45437df92ed0